 Dungeon Crawl Stone Soup version 0.30.1-4-g462c640d31 (webtiles) character file.

Game seed: 8490498034197904379

90 Rihmasto the Slasher (level 4, -11/41 HPs)
             Began as a Minotaur Berserker on Aug 31, 2023.
             Was a Believer of Trog.
             Killed by nerve-wracking pain
             ... invoked by an orc priest
              (13 damage)
             ... on level 4 of the Dungeon.
             The game lasted 00:08:36 (2226 turns).

Rihmasto the Slasher (Minotaur Berserker)           Turns: 2226, Time: 00:08:37

Health: -11/41     AC:  4    Str: 23    XL:     4   Next: 32%
Magic:  3/3        EV: 12    Int:  4    God:    Trog [**....]
Gold:   131        SH:  0    Dex: 10    Spells: 3/3 levels left

rFire   . . .        a - +0 falchion
rCold   + . .        (no shield)
rNeg    . . .        q - +0 leather armour
rPois   .            (helmet restricted)
rElec   .            (no cloak)
rCorr   .            (no gloves)
SInv    .            d - +0 pair of boots
Will    .....        i - amulet of the acrobat
Stlth   +            B - ring of protection from cold
HPRegen 0.26/turn    (no ring)
MPRegen 0.08/turn

%: acrobat
@: no status effects
A: horns 2, retaliatory headbutt
a: Renounce Religion, Berserk, Trog's Hand


You were on level 4 of the Dungeon.
You worshipped Trog.
Trog was pleased with you.
You visited 1 branch of the dungeon, and saw 4 of its levels.

You collected 131 gold pieces.

Inventory:

Hand Weapons
 a - a +0 falchion (weapon)
 e - a +0 hand axe
 g - a +0 club
 l - a +0 spear
 A - a +0 dagger
Missiles
 f - 64 stones (quivered)
 s - 4 javelins
Armour
 b - a +0 animal skin
 d - a +0 pair of boots (worn)
 q - a +0 leather armour (worn)
 x - a +0 leather armour
Magical Staves
 v - a staff of air
Jewellery
 i - an amulet of the acrobat (around neck)
 B - a ring of protection from cold (left hand)
Scrolls
 k - 2 scrolls of identify {unknown}
 n - a scroll of enchant armour {unknown}
 o - a scroll of noise {unknown}
 p - 3 scrolls of teleportation {unknown}
 r - a scroll of fear {unknown}
 w - a scroll of brand weapon {unknown}
Potions
 c - 3 potions of attraction {unknown}
 h - a potion of might {unknown}
 j - a potion of heal wounds {unknown}
 u - 2 potions of magic {unknown}


   Skills:
 + Level 4.4 Fighting
 + Level 4.9 Long Blades
 + Level 2.8 Armour
 + Level 3.1 Dodging
 + Level 0.2 Stealth


You had 3 spell levels left.
You didn't know any spells.
Your spell library was empty.

Dungeon Overview and Level Annotations

Branches:
Dungeon (4/15)
 Temple: D:4-7

Altars:
Wu Jian
Yredelemnul


Innate Abilities, Weirdness & Mutations

You have a pair of horns on your head.
You reflexively headbutt those who attack you in melee.


Message History

The orc priest barely misses you. x2
You hit the orc priest.
The orc priest is severely wounded.
The orc priest hits you but does no damage.
The orc misses you. The orc priest barely misses you.
You completely miss the orc priest.
The orc priest is severely wounded.
The orc priest hits you but does no damage.
The orc hits you but does no damage. The orc priest closely misses you.
You barely miss the orc priest.
The orc priest is severely wounded.
The orc priest misses you. You furiously retaliate!
You headbutt the orc priest. The orc misses you.
The orc priest hits you with a +0 hand axe.
You hit the orc priest but do no damage.
The orc priest is severely wounded.
The orc priest hits you with a +0 short sword.
The orc hits you but does no damage.
The orc priest invokes the aid of Beogh against you.
Beogh smites you!
* * * LOW HITPOINT WARNING * * *
You hit the orc priest.
The orc priest is almost dead.
The orc priest misses you. You furiously retaliate!
You headbutt the orc priest. The orc misses you.
The orc priest hits you with a +0 hand axe.
* * * LOW HITPOINT WARNING * * *
You hit the orc priest but do no damage.
The orc priest is almost dead.
The orc priest hits you but does no damage.
The orc barely misses you. You furiously retaliate!
You headbutt the orc!
You kill the orc!
Trog accepts your kill.
The orc priest casts a cantrip, but nothing happens.
You barely miss the orc priest.
The orc priest is almost dead.
The orc priest closely misses you.
The orc priest calls down the wrath of Beogh upon you.
Pain shoots through your body!
You die...

... .....#.#.... #..#
....g....♣ # #..## #...#.#..
### #. ...# #......# ..#
#.##..###..#...# #.#
#..............### ## #.#
##.#.# ##.......#
.###.#######...)###.†........#
...............o@o'...........
.###.#######....###...........
.....# #.....#.# ##.......###
.##### #.###.#.# ##.....## .##
# ....# ##...## ..## .#.###
##+## ...## ....# ....# ## ###
....#


You could see 2 orc priests.

Vanquished Creatures
  3 adders
  2 dart slugs (D:3)
  An orc (D:4)
  4 endoplasms
  4 goblins (D:3)
  3 hobgoblins
  6 jackals
  2 quokkas
  5 ball pythons
  5 bats
  10 frilled lizards
  9 kobolds
  7 rats
61 creatures vanquished.

Vanquished Creatures (others)
  An orc (D:4)
  A quokka (D:4)
2 creatures vanquished.

Grand Total: 63 creatures vanquished

Notes
Turn   | Place    | Note
-------+----------+-------------------------------------------
     0 | D:1      | Rihmasto the Minotaur Berserker began the quest for the
                  | Orb.
     0 | D:1      | Reached XP level 1. HP: 19/19 MP: 0/0
   209 | D:1      | Found a faded altar of an unknown god.
   588 | D:1      | Reached XP level 2. HP: 24/27 MP: 1/1
  1018 | D:2      | Reached XP level 3. HP: 29/33 MP: 2/2
  1084 | D:2      | Reached ** piety under Trog
  1741 | D:3      | Reached XP level 4. HP: 40/40 MP: 3/3
  1960 | D:3      | Found an ornate altar of the Wu Jian Council.
  2140 | D:4      | Found a basalt altar of Yredelemnul.
  2224 | D:4      | HP: 1/41 [orc priest/+0 hand axe (5)]
  2226 | D:4      | Killed from afar by an orc priest

Illustrated notes

Levels and vault maps discovered:
D:1:      tarquinn_simple_flora_water_e, layout_loops_corners,
          hellmonk_ecumenical_altar_crossroads, nicolae_figureground_sparkle
D:2:      layout_basic, minmay_misc_feat_alley, minmay_pentomino_p2
D:3:      layout_rooms, mainiacjoe_overflow_small_starburst,
          hangedman_feature_mirror
D:4:      cheibrodos_helix_gallery, layout_loops_corners,
          dancing_weapons_uskayaw, mainiacjoe_overflow_concentric_impassable,
          elyvilon_altar_4, grunt_ministairs_9

Skill      XL: |  1  2  3  4 |
---------------+-------------+-----
Long Blades    | 4 |  4.9
Fighting       | 4 |  4.4
Dodging        | 3 |  3.1
Armour         | |  2.8
Stealth        | |  0.2

Action                     |  1- 3 |  4- 6 || total
---------------------------+-------+-------++-------
  Melee: Falchion          |   124 |    33 ||   157
         Headbutt          |    12 |     3 ||    15
         Punch             |     1 |       ||     1
 Armour: Animal skin       |    33 |       ||    33
         Leather armour    |    16 |    15 ||    31
  Dodge: Dodged            |   109 |    41 ||   150
